 Dungeon Crawl Stone Soup version 0.30-b1-2-g02819fbbbe (webtiles) character file.

Game seed: 1203893473563404218

1022 alexzegreat666 the Geomancer (level 8, -1/42 HPs)
             Began as a Gargoyle Earth Elementalist on Sept 18, 2023.
             Slain by Prince Ribbit (11 damage)
             ... on level 5 of the Dungeon.
             The game lasted 00:06:30 (4528 turns).

alexzegreat666 the Geomancer (GrEE)                 Turns: 4528, Time: 00:06:31

Health: -1/42      AC: 10    Str: 12    XL:     8   Next: 22%
Magic:  13/16      EV: 12    Int: 18    God:
Gold:   178        SH:  0    Dex: 10    Spells: 17/18 levels left

rFire   . . .        u - +3 mace
rCold   . . .        (no shield)
rNeg    + . .        a - +0 robe
rPois   ∞            (no helmet)
rElec   +            (no cloak)
rCorr   .            (no gloves)
SInv    .            n - +2 pair of boots
Will    .....        (no amulet)
Stlth   ++           (no ring)
HPRegen 0.27/turn    (no ring)
MPRegen 0.15/turn

%: no passive effects
@: no status effects
A: sickness immunity, AC +5, negative energy resistance 1, electricity
resistance, torment resistance 1, petrification resistance
a: no special abilities


You were on level 5 of the Dungeon.
You visited 1 branch of the dungeon, and saw 5 of its levels.

You collected 178 gold pieces.

Inventory:

Hand Weapons
 u - a +3 mace (weapon)
Armour
 a - a +0 robe (worn)
 n - a +2 pair of boots (worn)
Wands
 r - a wand of mindburst (8)
 s - a wand of paralysis (2)
Scrolls
 c - a scroll of torment {unknown}
 d - 2 scrolls of vulnerability {unknown}
 h - a scroll of silence {unknown}
 i - 4 scrolls of teleportation {unknown}
 j - 7 scrolls of identify {unknown}
 k - a scroll of blinking {unknown}
 m - a scroll of immolation {unknown}
 p - a scroll of poison {unknown}
 q - a scroll of noise {unknown}
 t - a scroll of fog {unknown}
Potions
 b - a potion of magic
 e - 2 potions of degeneration {unknown}
 f - a potion of haste {unknown}
 g - 5 potions of lignification {unknown}
 l - a potion of mutation {unknown}
 o - a potion of brilliance {unknown}
 v - a potion of might


   Skills:
 + Level 0.6 Fighting
 + Level 2.8 Dodging
 + Level 3.2 Stealth
 + Level 1.4 Unarmed Combat
 + Level 5.6 Spellcasting
 + Level 0.7 Transmutations
 + Level 8.0 Earth Magic


You had 17 spell levels left.
You knew the following spells:

 Your Spells              Type           Power      Damage    Failure   Level
a - Sandblast             Erth           66%        2d15      1%          1

Your spell library contained the following spells:

 Spells                   Type           Power      Damage    Failure   Level
 Passwall                 Tmut/Erth      16%        N/A       3%          2
 Stone Arrow              Conj/Erth      38%        3d9       7%          3
 Sting                    Tmut/Pois      24%        1d4       11%         1
 Magic Dart               Conj           20%        1d4       13%         1
 Ensorcelled Hibernation  Hex/Ice        10%        N/A       19%         2
 Poisonous Vapours        Pois/Air       10%        N/A       19%         2
 Searing Ray              Conj           10%        2d4       19%         2
 Static Discharge         Conj/Air       10%        2-3/arc   19%         2
 Petrify                  Tmut/Erth      20%        N/A       21%         4
 Swiftness                Air            5%         N/A       36%         3
 Tukima's Dance           Hex            5%         N/A       36%         3
 Airstrike                Air            2%         2d(1-17)  77%         4
 Fulminant Prism          Conj/Hex       2%         3d5       77%         4
 Olgreb's Toxic Radiance  Pois           5%         N/A       77%         4
 Passage of Golubria      Tloc           5%         N/A       77%         4
 Summon Lightning Spire   Summ/Air       5%         N/A       77%         4
 Yara's Violent Unravell  Hex/Tmut       3%         3d4       96%         5


Dungeon Overview and Level Annotations

Branches:
Dungeon (5/15)
 Temple: D:4-7

Altars:
Okawaru
Ru

Shops:
D:3 *   D:4 [

Annotations:
D:5 Prince Ribbit


Innate Abilities, Weirdness & Mutations

You are immune to sickness and miasma.
Your stone body is resilient. (AC +5)
You are immune to poison.
You resist negative energy. (rN+)
You are resistant to electric shocks. (rElec)
You are resistant to unholy torment.
You are immune to petrification.


Message History

The phantom is severely damaged.
The blast of sand hits the phantom.
The phantom is severely damaged.
The phantom closely misses you.
The phantom hits you but does no damage.
The blast of sand hits the phantom!!
You destroy the phantom!
You enter the shallow water.
Moving in this stuff is going to be slow.
Found 2 poisoned darts.
You see here a +2 pair of boots.
A hound comes into view.
The hound barks!
You hear a croak.
Prince Ribbit comes into view.
Prince Ribbit gives a loud, deep croak!
The blast of sand hits Prince Ribbit!
Prince Ribbit is heavily wounded.
Prince Ribbit hits you! The hound bites you but does no damage.
Prince Ribbit barely misses you.
The blast of sand misses Prince Ribbit.
The hound closely misses you. Prince Ribbit hits you!
The hound closely misses you. Prince Ribbit closely misses you.
Prince Ribbit attacks as you move away! Prince Ribbit hits you!
* * * LOW HITPOINT WARNING * * *
The hound bites you but does no damage.
Aiming: Sandblast (safe; 1% risk of failure)
Press: ? - help, Q - select action, (/) - cycle Shift-Dir - straight line, f/p - Prince Ribbit
Aim: Prince Ribbit (moderately wounded, 71% to hit)
The blast of sand hits the hound!!
You kill the hound!
Prince Ribbit closely misses you.
Your Earth Magic skill increases to level 8!
Aiming: Sandblast (safe; 1% risk of failure)
Press: ? - help, Q - select action, (/) - cycle Shift-Dir - straight line, f/p - Prince Ribbit
Aim: Prince Ribbit (moderately wounded, 71% to hit)
The blast of sand hits Prince Ribbit!!
Prince Ribbit is almost dead.
Prince Ribbit hits you but does no damage.
Prince Ribbit hits you!
You die...

....... .......
.......######
............#
............#
............#
............###
.......F@.....#
.......####...#
....... #...#
....... #...#
....... #...#
##..#.# #...#
##.#.
#...######## # #.
#..........##
#####............


You could see Prince Ribbit.

Vanquished Creatures
  Eustachio (D:4)
  A water moccasin (D:5)
  Duvessa (D:5)
  A black bear (D:5)
  An ogre (D:5)
  A phantom (D:5)
  Dowan (D:5)
  2 howler monkeys (D:4)
  2 hounds
  Jessica (D:3)
  Natasha (thrice) (D:3)
  A gnoll (D:1)
  4 adders (D:4)
  An ufetubus (D:5)
  2 worms (D:2)
  4 dart slugs
  5 orcs (D:4)
  7 ball pythons
  6 bats
  11 endoplasms
  9 goblins
  A hobgoblin (D:1)
  4 jackals (D:2)
  4 quokkas
  3 frilled lizards
  10 kobolds
  14 rats
101 creatures vanquished.

Notes
Turn   | Place    | Note
-------+----------+-------------------------------------------
     0 | D:1      | alexzegreat666 the Gargoyle Earth Elementalist began the
                  | quest for the Orb.
     0 | D:1      | Reached XP level 1. HP: 10/10 MP: 3/3
   136 | D:1      | Reached skill level 4 in Earth Magic
   136 | D:1      | Reached XP level 2. HP: 12/15 MP: 0/5
   450 | D:1      | Reached XP level 3. HP: 19/19 MP: 4/6
  1253 | D:2      | Found a faded altar of an unknown god.
  1329 | D:2      | Reached XP level 4. HP: 21/24 MP: 5/8
  2140 | D:3      | Noticed Natasha
  2144 | D:3      | Killed Natasha
  2145 | D:3      | Reached skill level 1 in Unarmed Combat
  2219 | D:3      | Noticed Jessica
  2227 | D:3      | Killed Jessica
  2228 | D:3      | Reached skill level 5 in Earth Magic
  2228 | D:3      | Reached XP level 5. HP: 21/28 MP: 4/9
  2326 | D:3      | Noticed Natasha
  2331 | D:3      | Killed Natasha
  2434 | D:3      | Noticed Natasha
  2439 | D:3      | Killed Natasha
  2857 | D:3      | Found Wage's Assorted Antiques.
  3004 | D:4      | Reached skill level 6 in Earth Magic
  3004 | D:4      | Reached XP level 6. HP: 32/32 MP: 6/11
  3124 | D:4      | Found an iron altar of Okawaru.
  3454 | D:4      | Noticed Eustachio
  3470 | D:4      | Killed Eustachio
  3471 | D:4      | Reached XP level 7. HP: 6/36 MP: 3/13
  3860 | D:4      | Found Bismiff's Antique Armour Shoppe.
  3931 | D:5      | Entered Level 5 of the Dungeon
  3944 | D:5      | Reached skill level 7 in Earth Magic
  4079 | D:5      | Found a sacrificial altar of Ru.
  4089 | D:5      | Reached skill level 5 in Spellcasting
  4244 | D:5      | Noticed Duvessa
  4249 | D:5      | Killed Duvessa
  4249 | D:5      | Noticed Dowan
  4250 | D:5      | Reached XP level 8. HP: 42/42 MP: 11/16
  4253 | D:5      | Killed Dowan
  4523 | D:5      | Noticed Prince Ribbit
  4528 | D:5      | Reached skill level 8 in Earth Magic
  4528 | D:5      | Slain by Prince Ribbit

Illustrated notes

Levels and vault maps discovered:
D:1:      psy_arrival_radial02, layout_basic
D:2:      layout_basic, ebering_ecumenical_altar_box, minmay_rat_gold_closets
D:3:      layout_loops_ring, serial_shops, nicolae_lakefront_shop, uniq_natasha,
          uniq_jessica
D:4:      layout_basic, okawaru_trees_2, serial_shops, shop, uniq_eustachio
D:5:      wander_river, layout_basic, tso_altar,
          nicolae_ru_sacrificial_ziggurat, uniq_prince_ribbit1, uniq_duvessa

Skill      XL: |  1  2  3  4  5  6  7  8 |
---------------+-------------------------+-----
Earth Magic    | 4 5 6 7 8 |  8.0
Dodging        | 2 |  2.8
Spellcasting   | 3 4 5 |  5.6
Unarmed Combat | 1 |  1.4
Stealth        | 3 |  3.2
Fighting       | |  0.6
Transmutations | |  0.7

Action                     |  1- 3 |  4- 6 |  7- 9 || total
---------------------------+-------+-------+-------++-------
  Melee: Unarmed           |     6 |     8 |       ||    14
   Cast: Sandblast         |    53 |    93 |    27 ||   173
 Armour: Robe              |    16 |    30 |     5 ||    51
  Dodge: Dodged            |    23 |    47 |    10 ||    80
